 Dungeon Crawl Stone Soup version 0.29-a0-284-gf9362112df (webtiles) character file.

Game seed: 7525883540357204866

35 sizableburger the Skirmisher (level 3, 0/23 HPs)
             Began as a Deep Elf Fighter on Mar 31, 2022.
             Frozen to death by an endoplasm (2 damage)
             ... on level 1 of the Dungeon.
             The game lasted 00:02:19 (1633 turns).

sizableburger the Skirmisher (Deep Elf Fighter)     Turns: 1633, Time: 00:02:20

Health: 0/23       AC:  8    Str: 15    XL:     3   Next: 16%
Magic:  5/5        EV:  6    Int: 12    God:
Gold:   85         SH:  4    Dex: 14    Spells: 2/2 levels left

rFire   . . .      SeeInvis .   k - +0 hand axe
rCold   . . .      Faith    .   c - +0 buckler
rNeg    . . .      Spirit   .   f - +0 chain mail
rPois   .          Reflect  .   (no helmet)
rElec   .          Harm     .   (no cloak)
rCorr   .          Rampage  .   (no gloves)
Will    .....                   (no boots)
Stlth   ..........              (no amulet)
HPRegen 0.07/turn               (no ring)
MPRegen 0.09/turn               (no ring)

@: no status effects
A: no striking features
a: no special abilities


You were on level 1 of the Dungeon.
You visited 1 branch of the dungeon, and saw 1 of its levels.

You collected 85 gold pieces.

Inventory:

Hand Weapons
 a - a +0 war axe
 k - a +0 hand axe (weapon)
Armour
 b - a +0 scale mail
 c - a +0 buckler (worn)
 f - a +0 chain mail (worn)
Scrolls
 e - a scroll of blinking {unknown}
 g - a scroll of immolation {unknown}
 j - a scroll of identify {unknown}
 l - a scroll of magic mapping {unknown}
Potions
 d - a potion of might
 h - a potion of cancellation {unknown}
 i - a potion of heal wounds {unknown}


   Skills:
 - Level 3.0 Fighting
 + Level 2.4 Axes
 - Level 2.4 Armour
 + Level 0.4 Dodging
 - Level 2.4 Shields


You had 2 spell levels left.
You didn't know any spells.
Your spell library was empty.

Dungeon Overview and Level Annotations

Branches:
Dungeon (1/15)

Altars:


Message History

You are frozen.
You are too injured to fight recklessly!
You are too injured to fight recklessly!
You are too injured to fight recklessly!
You hit the endoplasm.
The endoplasm is almost dead.
The kobold shoots a sling bullet.
The sling bullet hits you but does no damage.
The endoplasm freezes you.
You are frozen.
You hit the endoplasm.
You kill the endoplasm!
The kobold shoots a sling bullet.
The sling bullet hits you but does no damage.
An endoplasm comes into view.
The kobold unwields a +2 hunting sling of flaming.
It stops flaming.
The kobold wields a +0 spear.
The kobold hits you with a +0 spear.
You hit the kobold.
The kobold is moderately wounded.
The kobold closely misses you.
You hit the kobold.
You kill the kobold!
Things that are here:
a +0 spear; a +2 hunting sling of flaming; 4 stones You hit the endoplasm.
The endoplasm is moderately wounded.
The endoplasm hits you but does no damage.
You barely miss the endoplasm.
The endoplasm is moderately wounded.
The endoplasm freezes you.
You are frozen.
* * * LOW HITPOINT WARNING * * *
You hit the endoplasm but do no damage.
The endoplasm is moderately wounded.
The endoplasm hits you.
* * * LOW HITPOINT WARNING * * *
The endoplasm freezes you.
You are frozen.
You die...

#....)........####
#.....#.......#
##.....#...>...####
#......#.......##..
#......#.......##..
#......#.......##..
#......#.......##..
#......#.#+######..
#.@....# ###
#.J......#
#.....#### ###
#.....+ #.. #.....#
#########.. #.....#
#.......#.. #.....#
#.......### #.....#
#.......# #.......#


You could see an endoplasm.

Vanquished Creatures
  2 bats (D:1)
  2 endoplasms (D:1)
  3 giant cockroaches (D:1)
  3 goblins (D:1)
  3 hobgoblins (D:1)
  10 kobolds (D:1)
  2 quokkas (D:1)
  3 ball pythons (D:1)
  2 rats (D:1)
30 creatures vanquished.

Notes
Turn   | Place    | Note
-------+----------+-------------------------------------------
     0 | D:1      | sizableburger the Deep Elf Fighter began the quest for the
                  | Orb.
     0 | D:1      | Reached XP level 1. HP: 13/13 MP: 3/3
   706 | D:1      | Reached XP level 2. HP: 10/18 MP: 4/4
  1415 | D:1      | Reached skill level 3 in Fighting
  1418 | D:1      | Reached XP level 3. HP: 20/23 MP: 5/5
  1633 | D:1      | Frozen to death by an endoplasm

Illustrated notes

Levels and vault maps discovered:
D:1:      spicycebolla_arrival_xxxplode, layout_basic

Skill      XL: |  1  2 |
---------------+-------+-----
Axes           | 2 |  2.4
Fighting       | 3 |  3.0
Armour         | |  2.4
Dodging        | |  0.4
Shields        | |  2.4

Action                   || total
-------------------------++-------
Melee: War axe           ||    59
       Hand axe          ||    23
Armor: Chain mail        ||    16
       Scale mail        ||    29
Dodge: Dodged            ||    43
Block: Buckler           ||    18

Table legend: (Time is in decaauts)
 A = Elapsed time spent in this place.
 B = Non-inter-level travel time spent in this place.
 C = Inter-level travel time spent in this place.
 D = Time resting spent in this place.
 E = Time spent auto-exploring this place.
 F = Levels seen in this place.
 G = Mean time per level.
                   A        B        C        D        E       F      G
               +--------+--------+--------+--------+--------+-----+--------+
         Total |   1663 |   1633 |     30 |    550 |    818 |   1 | 1663.0 |
       Dungeon |   1663 |   1633 |     30 |    550 |    818 |   1 | 1663.0 |
               +--------+--------+--------+--------+--------+-----+--------+

Top non-repeatable levels by time:
     D:1: 1663 daAuts
